AoeStats
← TKBXPT2214

Black Forest

505747610Analyzed
4v4 RM · 23d ago on Sep 10, 2026· 43m 7s· 8 players
Game mode
Random Map
Map size
Large (8 player)
Population
200
Speed
Normal
Resources
Standard
Victory
Conquest
Starting age
Dark Age
Ending age
Imperial Age
RankedLock teamsTeams togetherTeam positionsShared explorationLock speedFull tech treeHidden civsTurbo modeCheats
Victory
Defeat
🇩🇰 Khmer · Denmark
1162
+15
🇨🇦 Wu · Canada
1063
+19
🇦🇷 Franks · Argentina
1047
+20
🇵🇱 Goths · Poland
1008
+21
🇧🇷 Georgians · Brazil
1185
-21
🇦🇷 Turks · Argentina
1160
-20
🇨🇱 Magyars · Chile
1130
-19
🇲🇽 Bulgarians · Mexico
1044
-15
TKBXPT2214
8:15 Loom
10:29 Feudal Age
12:00 Wheelbarrow
18:53 Castle Age
17:59 Double-Bit Axe
25:02 Hand Cart
26:28 Bow Saw
27:18 Husbandry
28:47 Scale Barding Armor
28:53 Forging
29:21 Gold Mining
30:17 Chain Barding Armor
32:25 Iron Casting
35:40 Stone Mining
36:26 Gold Shaft Mining
39:28 Imperial Age
37:02 Fletching
39:51 Light Cavalry
39:51 Cavalier
41:16 Conscription
41:35 Plate Barding Armor
42:01 Blast Furnace
xMattAdore
0:32 Loom
13:54 Feudal Age
18:56 Castle Age
17:28 Double-Bit Axe
17:46 Horse Collar
19:38 Forging
19:28 Scale Mail Armor
28:06 Iron Casting
28:53 Bow Saw
34:13 Imperial Age
31:45 Heavy Plow
31:43 Gold Mining
31:44 Stone Mining
32:45 Chain Mail Armor
32:20 Fletching
32:19 Town Watch
33:11 Wheelbarrow
32:01 Man-at-Arms
32:44 Squires
33:44 Anarchy
33:07 Pikeman
33:09 Long Swordsman
35:08 Perfusion
35:33 Conscription
35:32 Town Patrol
36:36 Two-Man Saw
36:08 Crop Rotation
36:42 Blast Furnace
35:41 Bodkin Arrow
36:47 Elite Huskarl
38:06 Caravan
40:26 Halberdier
youtube.com/@Murkwilect
2:35 Loom
12:46 Feudal Age
17:17 Castle Age
15:59 Double-Bit Axe
16:01 Horse Collar
18:28 Wheelbarrow
18:08 Bow Saw
22:59 Fervor
26:16 Fletching
26:59 Bodkin Arrow
27:40 Padded Archer Armor
29:30 Leather Archer Armor
31:13 Ballistics
38:33 Imperial Age
36:19 Hand Cart
36:24 Hand Cart
36:35 Forging
36:25 Scale Mail Armor
37:34 Squires
36:57 Pikeman
37:24 Arson
38:18 Iron Casting
38:02 Red Cliffs Tactics
38:29 Chain Mail Armor
40:54 Imperial Age
40:55 Halberdier
41:16 Elite Fire Archer
42:17 Conscription
41:59 Sitting Tiger
43:40 Chemistry
42:36 Murder Holes
42:52 Masonry
42:22 Treadmill Crane
42:05 Elite Skirmisher
Mr.Razorski
1:43 Loom
12:19 Feudal Age
13:02 Double-Bit Axe
12:58 Horse Collar
16:52 Castle Age
17:53 Bow Saw
20:25 Bloodlines
20:16 Husbandry
23:58 Scale Barding Armor
24:03 Forging
25:58 Chain Barding Armor
27:04 Heavy Plow
28:52 Forging
33:06 Iron Casting
35:02 Imperial Age
33:13 Wheelbarrow
36:51 Conscription
36:32 Double Crossbow
38:33 Ballistics
39:14 Chemistry
37:54 Heavy Scorpion
42:15 Siege Engineers
Fs. Ô FOKA
8:07 Loom
11:36 Feudal Age
15:28 Castle Age
13:50 Double-Bit Axe
13:56 Horse Collar
19:37 Fervor
22:45 Bow Saw
24:56 Heavy Plow
28:45 Gold Mining
28:45 Stone Mining
32:06 Imperial Age
30:13 Wheelbarrow
31:12 Town Watch
31:37 Scale Barding Armor
31:42 Forging
32:53 Bloodlines
32:43 Husbandry
33:40 Chain Barding Armor
33:55 Iron Casting
34:36 Conscription
35:10 Crop Rotation
35:05 Elite Monaspa
36:22 Aznauri Cavalry
36:52 Hand Cart
36:37 Town Patrol
36:06 Light Cavalry
37:35 Hoardings
37:46 Stone Shaft Mining
38:03 Plate Barding Armor
38:28 Blast Furnace
39:23 Chemistry
38:44 Ballistics
38:35 Masonry
38:05 Treadmill Crane
38:31 Siege Engineers
38:13 Arrowslits
37:56 Hussar
38:54 Fletching
41:51 Bodkin Arrow
guachalin
0:27 Loom
14:39 Feudal Age
15:57 Double-Bit Axe
22:18 Castle Age
28:28 Horse Collar
31:29 Heavy Plow
33:31 Fletching
33:42 Padded Archer Armor
34:45 Wheelbarrow
35:13 Bodkin Arrow
35:55 Bow Saw
36:35 Hand Cart
37:18 Leather Archer Armor
37:08 Scale Barding Armor
37:14 Town Watch
37:52 Ballistics
38:14 Treadmill Crane
38:45 Corvinian Army
40:10 Masonry
39:52 Guard Tower
41:15 Chain Barding Armor
45:26 Imperial Age
43:10 Town Patrol
myckro
1:28 Loom
13:51 Feudal Age
17:33 Castle Age
22:45 Imperial Age
20:41 Double-Bit Axe
21:31 Horse Collar
32:30 Bloodlines
Rey de Copas
13:40 Feudal Age
14:27 Arson
16:57 Forging
17:58 Scale Mail Armor
24:40 Castle Age
23:33 Double-Bit Axe
23:39 Horse Collar
26:00 Pikeman
26:43 Squires
30:32 Iron Casting
30:13 Chain Mail Armor
39:56 Imperial Age
39:08 Heavy Plow
39:56 Wheelbarrow
Connection lost

Rejoining the realm…

Still unreachable

The connection could not be restored.

Session expired

The server has moved on; the page needs a fresh start.